Description

This is Harstem's execution and analysis of Zest's gladept timing. Please note, this version of the build has some improvements on the one Zest did at IEM.

VOD

https://www.youtube.com/watch?v=8mL7dMpMvnA&t=1s

Replay - 2020-04-21 - (Z)AGOElazer VS (P)Harstem

Build Order

Get SALT Encoding   

  12  0:01  Probe  
  13  0:14  Pylon  
  13  0:18  Probe (Chrono Boost)  
  14  0:28  Probe x2 (Chrono Boost)  
  16  0:42  Gateway  
  16  0:44  Probe  
  16  0:49  Assimilator  
  17  0:56  Probe  
  18  1:08  Probe  
  19  1:20  Probe  
  20  1:27  Nexus  
  20  1:36  Cybernetics Core  
  20  1:38  Probe  
  21  1:45  Assimilator  
  21  1:51  Probe  
  22  2:00  Pylon  
  23  2:15  Adept (Chrono Boost)  
  23  2:17  Warp Gate  
  26  2:26  Twilight Council  
  27  2:37  Stalker  
  31  2:56  Robotics Facility  
  33  3:06  Resonating Glaives (Chrono Boost)  
  33  3:07  Gateway  
  36  3:25  Adept  
  38  3:30  Gateway x2  
  38  3:40  Warp Prism (Chrono Boost)  
  40  3:50  Pylon  
  42  3:57  Pylon  
  42  4:05  Adept x2  
  48  4:21  Pylon  
  50  4:24  Adept x4  
  62  4:52  Adept x2  
Spawning Tool Build Advisor. Get it on Overwolf

Go to:

Details

  • Created by: janpol8
  • Published on: Apr 22, 2020
  • Modified on: Apr 22, 2020
  • Patch: 4.11.0
Show
View Real Time Build Order
Export as new Build Order

Comments (0)

There are no comments. Be the first!

Create an account to comment!